 Dungeon Crawl Stone Soup version 0.25.0-46-gbd7b0854d2 (webtiles) character file.

Game seed: 12013201081863062785

187 gyp21 the Grave Robber (level 5, -6/39 HPs)
             Began as a Human Necromancer on July 13, 2020.
             Killed by nerve-wracking pain
             ... invoked by an orc priest
              (14 damage)
             ... on level 4 of the Dungeon.
             The game lasted 00:31:03 (3834 turns).

gyp21 the Grave Robber (Human Necromancer)          Turns: 3834, Time: 00:31:03

Health: -6/39      AC:  3    Str:  9    XL:     5   Next: 99%
Magic:  8/9        EV: 17    Int: 16    God:
Gold:   89         SH:  0    Dex: 13    Spells: 4/10 levels left

rFire    . . .     SeeInvis .   v - +1 war axe (vorpal)
rCold    . . .     Gourm    .   (no shield)
rNeg     . . .     Faith    .   a - +1 robe
rPois    .         Spirit   .   (no helmet)
rElec    .         Reflect  .   (no cloak)
rCorr    .         Harm     .   (no gloves)
MR       .....                  (no boots)
Stlth    +++.......             e - amulet of magic regeneration
HPRegen  0.13/turn              o - +4 ring of evasion
MPRegen  0.36/turn              r - ring of stealth

@: drained
A: no striking features
a: no special abilities


You were on level 4 of the Dungeon.
You were not hungry.

You visited 1 branch of the dungeon, and saw 4 of its levels.

You collected 89 gold pieces.

Inventory:

Hand Weapons
 m - a +2 vampiric rapier
 v - a +1 vorpal war axe (weapon)
 x - a +1 short sword of venom
Missiles
 f - 13 poisoned darts (quivered)
Armour
 a - a +1 robe (worn)
 n - a +0 buckler
Jewellery
 e - an amulet of magic regeneration (around neck)
 o - a +4 ring of evasion (left hand)
 r - a ring of stealth (right hand)
 t - an uncursed ring of ice
Wands
 s - a wand of acid (7)
Scrolls
 h - a scroll of remove curse
 k - a scroll of teleportation
 u - a scroll of amnesia
 w - a scroll of enchant weapon
Potions
 b - a potion of berserk rage
 d - a potion of haste {unknown}
 g - a potion of ambrosia {unknown}
 i - 2 potions of heal wounds
 l - a potion of flight {unknown}
 p - 2 potions of curing
 q - a potion of brilliance {unknown}
Comestibles
 c - 11 rations
 j - a chunk of flesh


   Skills:
 + Level 2.3(1.6) Fighting
 + Level 3.3(2.6) Dodging
 - Level 2.0(1.3) Stealth
 + Level 3.1(2.4) Spellcasting
 + Level 4.8(4.1) Necromancy


You had 4 spell levels left.
You knew the following spells:

 Your Spells              Type           Power        Failure   Level  Hunger
a - Pain                  Necr           ###.         3%          1    #......
b - Animate Skeleton      Necr           N/A          3%          1    #......
c - Animate Dead          Necr           N/A          36%         4    #####..

Your spell library contained the following spells:

 Spells                   Type           Power        Failure   Level  Hunger
 Vampiric Draining        Necr           ###.......   11%         3    ###....
 Agony                    Necr           ###.....     71%         5    ######.


Dungeon Overview and Level Annotations

Branches:
Dungeon (4/15)
 Temple: D:4-7

Altars:
The Shining One


Message History

The orc priest mumbles some strange prayers to Beogh against you.
You barely resist.
Casting: Pain (safe; 3% risk of failure)
Confirm with . or Enter, or press ? or * to list all spells.
Aiming: Pain (safe; 3% risk of failure)
Press: ? - help, Shift-Dir - straight line, f/p - orc priest
Aim: an orc priest, wielding a +0 hand axe (moderately wounded, chance to defeat MR: 73%)
The orc priest struggles to resist.
The orc priest mumbles some strange prayers to Beogh against you.
Beogh smites you!
* * * LOW HITPOINT WARNING * * *
You hear a shout!
You completely miss the orc priest.
The orc priest is moderately wounded.
A crimson imp comes into view.
The orc priest barely misses you.
The orc priest casts a cantrip, but nothing happens.
The orc priest calls down the wrath of Beogh upon you.
Pain shoots through your body!
You die...

#..# . #o. ##.# .##
#.#
#######.######...
##o##
.................
... ########.#...##
#o# #Z....###.#
#.#### ##........#
#....#
#.....##.#####.%...
##@##.# #.......#
###.# # #.......#
#..o# #........
#..o.# #.....(##
..'...... #.....o##
....#.....##
....#+#o..
...######'#
###.#.#o## .## 5. #
#..oo. .o. ###.##


You could see an orc priest, a crimson imp, an orc and a friendly worm zombie.

Vanquished Creatures
  An orc wizard (D:4)
  A worker ant (D:3)
  4 adders
  3 worms
  7 dart slugs
  3 leopard geckos
  7 orcs (D:4)
  A ball python (D:1)
  7 bats
  2 giant cockroaches
  6 goblins
  10 hobgoblins
  2 jackals
  A quokka (D:2)
  A frilled lizard (D:1)
  2 kobolds (D:1)
  5 rats
63 creatures vanquished.

Vanquished Creatures (collateral kills)
  A dart slug (D:2)
  A goblin (D:3)
  A hobgoblin (D:3)
  A kobold (D:3)
4 creatures vanquished.

Grand Total: 67 creatures vanquished

Notes
Turn   | Place    | Note
-------+----------+-------------------------------------------
     0 | D:1      | gyp21 the Human Necromancer began the quest for the Orb.
     0 | D:1      | Reached XP level 1. HP: 13/13 MP: 3/3
   387 | D:1      | Reached XP level 2. HP: 19/20 MP: 1/5
  1010 | D:1      | Reached skill level 1 in Fighting
  1010 | D:1      | Reached XP level 3. HP: 22/26 MP: 6/6
  1063 | D:1      | Learned a level 1 spell: Animate Skeleton
  1728 | D:2      | Reached XP level 4. HP: 20/32 MP: 4/7
  1860 | D:2      | Learned a level 4 spell: Animate Dead
  2785 | D:3      | Found a glowing golden altar of the Shining One.
  3030 | D:3      | Reached XP level 5. HP: 26/38 MP: 4/9
  3830 | D:4      | Identified the cursed +1 ring mail "Jeliabaf" {+Blink rF+
                  | MR- rCorr}
  3834 | D:4      | Killed from afar by an orc priest

Illustrated notes

Levels and vault maps discovered:
D:1:      nzn_arrival_depleted_hourglass, layout_loops_ring, kennysheep_doodads,
          columned_hall_lemuel, chequers_serial_rivers_room_b, st_stairs_11,
          minmay_cut_off
D:2:      layout_basic
D:3:      layout_rooms, tso_altar, first_ration, kennysheep_generic_room_7
D:4:      layout_basic, nicolae_ru_the_path_less_chosen,
          minmay_temple_entry_large_hall, uniq_duvessa, uniq_ijyb

Skill      XL: |  1  2  3  4  5 |
---------------+----------------+-----
Fighting       | 1 2 |  2.3
Dodging        | 3 |  3.3
Spellcasting   | 3 |  3.1
Stealth        | |  2.0
Necromancy     | |  4.8

Action                   |  1- 3 |  4- 6 || total
-------------------------+-------+-------++-------
Melee: Spear             |    48 |    27 ||    75
       War axe           |       |    15 ||    15
       Rapier            |       |    14 ||    14
Throw: Dart              |     3 |     7 ||    10
 Cast: Pain              |    38 |    72 ||   110
       Animate Skeleton  |     4 |    13 ||    17
       Animate Dead      |       |     4 ||     4
  Use: Scroll            |       |     8 ||     8
 Stab: Sleeping          |     1 |     2 ||     3
  Eat: Chunk             |     2 |    10 ||    12
Armor: Robe              |     6 |    12 ||    18
Dodge: Dodged            |    27 |    79 ||   106
